 Dungeon Crawl Stone Soup version 0.27.1-33-g824d729ab1 (webtiles) character file.

Game seed: 5064419895445656010

149 zeram the Poker (level 5, -2/41 HPs)
             Began as a Merfolk Fighter on Dec 14, 2021.
             Slain by a hound (4 damage)
             ... on level 4 of the Dungeon.
             The game lasted 00:04:17 (3374 turns).

zeram the Poker (Merfolk Fighter)                   Turns: 3374, Time: 00:04:18

Health: -2/41      AC: 11    Str: 16    XL:     5   Next: 31%
Magic:  5/5        EV:  2    Int:  8    God:
Gold:   28         SH:  9    Dex: 14    Spells: 4/4 levels left

rFire    . . .     SeeInvis .   a - +0 trident
rCold    . . .     Faith    .   c - +0 kite shield
rNeg     . . .     Spirit   .   g - +0 plate armour
rPois    .         Reflect  .   (no helmet)
rElec    .         Harm     .   (no cloak)
rCorr    .         Rampage  .   (no gloves)
Will     .....                  (no boots)
Stlth    ..........             (no amulet)
HPRegen  0.13/turn              (no ring)
MPRegen  0.09/turn              (no ring)

@: mighty
A: (nimble swimmer 2), mertail
a: no special abilities


You were on level 4 of the Dungeon.
You visited 1 branch of the dungeon, and saw 4 of its levels.

You collected 28 gold pieces.

Inventory:

Hand Weapons
 a - a +0 trident (weapon)
Armour
 b - a +0 scale mail
 c - a +0 kite shield (worn)
 g - a +0 plate armour (worn)
Scrolls
 f - a scroll of teleportation
Potions
 e - 4 potions of curing
 h - a potion of ambrosia {unknown}
 i - a potion of lignification
 k - 3 potions of attraction {unknown}


   Skills:
 - Level 3.2 Fighting
 + Level 5.1 Polearms
 + Level 2.8 Armour
 + Level 4.4 Shields


You had 4 spell levels left.
You didn't know any spells.
Your spell library contained the following spells:

 Spells                   Type           Power      Damage    Failure   Level
 Static Discharge         Conj/Air       0%         N/A       100%        2
 Lightning Bolt           Conj/Air       0%         1d11      100%        5
 Maxwell's Capacitive Co  Air            0%         ∞         100%        8


Dungeon Overview and Level Annotations

Branches:
Dungeon (4/15)
 Temple: D:4-7

Altars:


Innate Abilities, Weirdness & Mutations

((You are quick and stealthy near water. (Stealth+, EV+, Speed+++)))
Your lower body shifts to a powerful aquatic tail in water.


Message History

HP restored.
k - 3 grey potions (gained 1) Key pressed, stopping explore.
An ogre comes into view. It is wielding a +0 giant club.
Found 13 stones.
The ogre shouts!
An ogre is nearby!
An ogre is nearby!
An ogre is nearby!
Found a mace.
Reach: a) +0 trident
Press: ? - help, Dir - move target, f - ogre
Aim: an ogre, wielding a +0 giant club (about 26% to evade your +0 trident)
You reach to attack!
You hit the ogre.
The ogre is lightly wounded.
A hound comes into view.
You block the ogre's attack.
The hound barks!
You hit the ogre but do no damage.
The ogre is lightly wounded.
The ogre hits you with a +0 giant club!!
You hit the ogre.
The ogre is moderately wounded.
You feel very mighty all of a sudden. The ogre hits you but does no damage.
You barely miss the ogre.
The ogre is moderately wounded.
You block the hound's attack. The ogre hits you with a +0 giant club.
The hound bites you but does no damage.
You barely miss the ogre.
The ogre is moderately wounded.
The hound bites you but does no damage.
The ogre hits you with a +0 giant club!!
* * * LOW HITPOINT WARNING * * *
You block the hound's attack.
Unknown command.
You barely miss the ogre.
The ogre is moderately wounded.
The hound bites you.
You die...

#...... ....... #
.##........####. .#
#. ........ #. )..
#. ....... ...
....#.# #....###.#
.......###........#
......h...........#.
..(...O@.......# ...
...............##...
..........##........
......###..........#
.......#...........#
#...........†......#
..####.........#####
.# ###...(......#
#...........#


You could see an ogre and a hound.

Vanquished Creatures
  6 adders
  A howler monkey skeleton (D:3)
  3 worms
  A dart slug (D:2)
  An orc (D:3)
  5 ball pythons
  6 endoplasms
  3 giant cockroaches (D:3)
  6 hobgoblins
  8 jackals
  9 kobolds
  4 quokkas
  5 bats
  2 frilled lizards (D:1)
  3 goblins
  8 rats
71 creatures vanquished.

Vanquished Creatures (others)
  10 plants (D:2)
10 creatures vanquished.

Grand Total: 81 creatures vanquished

Notes
Turn   | Place    | Note
-------+----------+-------------------------------------------
     0 | D:1      | zeram the Merfolk Fighter began the quest for the Orb.
     0 | D:1      | Reached XP level 1. HP: 18/18 MP: 1/1
    47 | D:1      | Found a faded altar of an unknown god.
   177 | D:1      | Reached XP level 2. HP: 24/24 MP: 2/2
   619 | D:1      | Reached XP level 3. HP: 21/29 MP: 3/3
  1167 | D:2      | Reached skill level 4 in Polearms
  1269 | D:2      | Reached XP level 4. HP: 21/35 MP: 4/4
  2823 | D:3      | Reached XP level 5. HP: 41/41 MP: 5/5
  2841 | D:3      | Reached skill level 5 in Polearms
  3365 | D:4      | Noticed an ogre
  3373 | D:4      | HP: 2/41 [ogre (20)]
  3374 | D:4      | Slain by a hound

Illustrated notes

Levels and vault maps discovered:
D:1:      evilmike_arrival_rings, layout_loops_ring,
          ebering_ecumenical_altar_sacrificial
D:2:      layout_basic, serial_glass, glass_columns_c, glass_columns_c,
          due_unseen_surprise, minmay_strange_pillars, item_on_display_b,
          lexackson_kobold_supper
D:3:      layout_rooms, gup_sewer_entry_spiral
D:4:      minmay_general_purpose_star, layout_cave_pools

Skill      XL: |  1  2  3  4  5 |
---------------+----------------+-----
Polearms       | 4 5 |  5.1
Shields        | 4 |  4.4
Fighting       | |  3.2
Armour         | |  2.8

Action                   |  1- 3 |  4- 6 || total
-------------------------+-------+-------++-------
Melee: Trident           |   143 |   139 ||   282
  Use: Scroll            |       |    12 ||    12
       Potion            |       |     2 ||     2
Armor: Plate armour      |   127 |    75 ||   202
Dodge: Dodged            |    20 |     9 ||    29
Block: Kite shield       |    82 |    58 ||   140
